AoeStats
← APs | Power to the People

Nomad

509985774Analyzed
3v3 RM · 4d ago on Sep 28, 2026· 79m 41s· 6 players
Game mode
Random Map
Map size
210×210
Population
200
Speed
Normal
Resources
Standard
Victory
Conquest
Starting age
Dark Age
Ending age
Imperial Age
RankedLock teamsTeams togetherTeam positionsShared explorationLock speedFull tech treeHidden civsTurbo modeCheats
Victory
Defeat
🇲🇽 Slavs · Mexico
1530
+13
🇪🇸 Dravidians · Spain
1433
+17
🇧🇷 Burgundians · Brazil
1426
+17
🇦🇷 Burmese · Argentina
1528
-19
🇦🇷 Poles · Argentina
1419
-14
🇦🇷 Turks · Argentina
1414
-14
APs | PrimoMcFly
4:52 Loom
14:42 Feudal Age
20:10 Castle Age
19:36 Horse Collar
20:56 Double-Bit Axe
23:35 Forging
25:48 Arson
28:24 Squires
33:46 Imperial Age
31:47 Scale Mail Armor
35:13 Chain Mail Armor
35:34 Iron Casting
36:28 Conscription
37:12 Szlachta Privileges
37:34 Conscription
38:58 Cavalier
39:47 Scale Barding Armor
40:43 Blast Furnace
39:54 Bloodlines
40:12 Husbandry
41:08 Wheelbarrow
41:45 Bow Saw
42:08 Chain Barding Armor
49:29 Elite Obuch
50:33 Light Cavalry
51:37 Lechitic Legacy
51:37 Winged Hussar
54:51 Fishing Lines
58:20 Hand Cart
61:28 Coinage
63:01 Heavy Plow
65:07 Hoardings
64:49 Masonry
67:38 Chemistry
67:33 Fletching
67:56 Siege Engineers
68:32 Crop Rotation
68:39 Town Watch
71:11 Gold Mining
71:14 Stone Mining
71:38 Bodkin Arrow
73:16 Murder Holes
74:17 Ballistics
73:44 Treadmill Crane
77:45 Bracer
APs | Power to the People
12:35 Feudal Age
16:17 Castle Age
22:42 Sanctity
22:39 Redemption
27:16 Atonement
35:35 Fervor
39:07 Gold Mining
51:58 Gold Shaft Mining
56:52 Imperial Age
56:57 Onager
70:49 Illumination
70:40 Block Printing
71:01 Theocracy
70:40 Loom
73:04 Town Watch
73:49 Capped Ram
76:20 Siege Engineers
APs | fleita
5:57 Loom
13:35 Feudal Age
17:51 Castle Age
16:00 Town Watch
17:29 Fishing Lines
18:13 Demolition Ship
19:08 Medium Warships
33:49 Gold Mining
33:54 Double-Bit Axe
35:45 Horse Collar
37:47 Stone Mining
38:34 Wheelbarrow
38:48 Wheelbarrow
38:57 Heavy Plow
42:13 Imperial Age
40:19 Scale Barding Armor
40:27 Forging
40:43 Bow Saw
40:40 Treadmill Crane
41:32 Bloodlines
41:25 Husbandry
42:57 Chain Barding Armor
43:14 Iron Casting
43:25 Fletching
44:25 Plate Barding Armor
47:32 Masonry
48:35 Bombard Tower
49:17 Iron Casting
49:28 Fletching
50:22 Elite Janissary
54:43 Sipahi
54:47 Conscription
64:09 Padded Archer Armor
74:53 Coinage
75:27 Ballistics
Duaaa
5:30 Loom
13:47 Feudal Age
17:41 Castle Age
16:06 Double-Bit Axe
19:15 Bow Saw
22:34 Horse Collar
24:20 Wheelbarrow
34:07 Imperial Age
33:35 Fletching
33:58 Forging
35:08 Bloodlines
34:19 Light Cavalry
35:21 Husbandry
37:59 Scale Barding Armor
41:59 Scale Mail Armor
42:35 Iron Casting
43:03 Conscription
43:01 Pikeman
44:20 Chain Mail Armor
44:08 Halberdier
51:19 Bodkin Arrow
52:49 Hand Cart
53:11 Chain Mail Armor
53:33 Squires
54:28 Plate Mail Armor
56:23 Hoardings
56:50 Blast Furnace
58:04 Man-at-Arms
61:01 Capped Ram
61:04 Long Swordsman
61:55 Druzhina
63:37 Stone Mining
63:38 Gold Mining
64:11 Chain Barding Armor
63:22 Onager
79:00 Plate Barding Armor
77:47 Hussar
Mr.Brrum
8:13 Loom
12:20 Feudal Age
12:53 Double-Bit Axe
18:45 Castle Age
17:53 Forging
19:38 Medium Warships
20:11 Iron Casting
19:54 Bow Saw
21:07 Town Watch
23:12 Wheelbarrow
23:15 Fishing Lines
23:55 Gillnets
25:04 Horse Collar
25:40 Fletching
25:46 Gold Mining
26:44 Bodkin Arrow
31:31 Imperial Age
30:11 Stone Mining
31:10 Medical Corps
31:36 Ballistics
31:18 Padded Archer Armor
31:59 Thumb Ring
32:16 Bracer
33:16 Devotion
34:18 Chemistry
34:39 Hand Cart
34:43 Leather Archer Armor
36:07 Husbandry
35:36 Elite Elephant Archer
44:33 Siege Elephant
54:06 Scale Mail Armor
54:37 Ring Archer Armor
54:11 Scale Mail Armor
54:44 Ring Archer Armor
55:15 Blast Furnace
55:37 Squires
54:57 Pikeman
55:39 Scale Mail Armor
55:50 Arrowslits
55:45 Halberdier
58:18 Chain Mail Armor
64:09 Heavy Plow
69:19 Plate Mail Armor
72:44 Town Patrol
Karzul
6:58 Loom
14:42 Feudal Age
15:01 Feudal Age
18:51 Castle Age
18:48 Town Watch
21:49 Fishing Lines
22:03 Fletching
23:43 Gold Mining
27:27 Double-Bit Axe
31:52 Horse Collar
32:22 Bow Saw
39:31 Gillnets
39:26 Cavalier
40:37 Scale Barding Armor
40:43 Forging
40:35 Husbandry
42:05 Chain Barding Armor
43:00 Wheelbarrow
44:17 Light Cavalry
51:43 Heavy Plow
59:33 Iron Casting
59:49 Devotion
64:03 Hand Cart
70:06 Bodkin Arrow
71:08 Crop Rotation
74:27 Imperial Age
75:08 Imperial Age
73:35 Burgundian Vineyards
75:11 Hussar
76:28 Plate Barding Armor
76:54 Blast Furnace
Connection lost

Rejoining the realm…

Still unreachable

The connection could not be restored.

Session expired

The server has moved on; the page needs a fresh start.